 Dungeon Crawl Stone Soup version 0.19.1 (webtiles) character file.

115 esteth the Ducker (level 5, -1/37 HPs)
             Began as a Merfolk Ice Elementalist on Dec 15, 2016.
             Was a Believer of Elyvilon.
             Killed by divine providence
             ... invoked by an orc priest
              (11 damage)
             ... on level 3 of the Dungeon.
             The game lasted 00:10:21 (3128 turns).

esteth the Ducker (Merfolk Ice Elementalist)        Turns: 3128, Time: 00:10:21

Health: -1/37      AC:  9    Str:  9    XL:     5   Next: 0%
Magic:  2/9        EV: 15    Int: 15    God:    Elyvilon [**....]
Gold:   254        SH:  0    Dex: 14    Spells: 2 memorised, 6 levels left

rFire  . . .     SeeInvis .     d - +0 hand axe (elec)
rCold  . . .     Gourm    .     a - +0 robe
rNeg   . . .     Faith    .     (no shield)
rPois  .         Spirit   .     p - +2 hat
rElec  .         Reflect  .     (no cloak)
rCorr  .         Harm     .     (no gloves)
MR     .....                    (no boots)
Stlth  ++........               (no amulet)
                                (no ring)
                                i - +1 ring of evasion

@: icy armour, slow
A: change form in water, swift swim, stealthy swim
a: Lesser Healing, Heal Other, Divine Protection, Renounce Religion


You were on level 3 of the Dungeon.
You worshipped Elyvilon.
Elyvilon was pleased with you.
You were not hungry.

You visited 1 branch of the dungeon, and saw 3 of its levels.

You collected 254 gold pieces.

Inventory:

Hand Weapons
 d - a +0 hand axe of electrocution (weapon)
 f - a cursed +0 dagger
Armour
 a - a +0 robe (worn)
 p - a +2 hat (worn)
Jewellery
 i - a +1 ring of evasion (left hand)
Scrolls
 e - 3 scrolls of identify
 g - a scroll of remove curse {unknown}
 h - a scroll of magic mapping {unknown}
 o - a scroll of enchant armour {unknown}
 s - a scroll of fog {unknown}
Potions
 k - a potion of brilliance {unknown}
 l - a potion of ambrosia {unknown}
 m - a potion of lignification {unknown}
 n - 2 potions of curing {unknown}
 q - 2 potions of mutation {unknown}
Books
 b - a book of Frost

   Spells                             Type                      Level
   a - Freeze                         Ice                          1
   b - Throw Frost                    Conjuration/Ice              2
   c - Ozocubu's Armour               Charms/Ice                   3
   d - Throw Icicle                   Conjuration/Ice              4
   e - Summon Ice Beast               Ice/Summoning                4
Comestibles
 c - 4 bread rations
 j - 2 fruits


   Skills:
 + Level 1.0 Fighting
 + Level 4.2 Dodging
 - Level 2.1 Stealth
 + Level 3.0 Spellcasting
   Level 0.7 Conjurations
 - Level 4.0 Ice Magic
 + Level 0.9 Invocations


You had 6 spell levels left.
You knew the following spells:

 Your Spells              Type           Power        Failure   Level  Hunger
a - Freeze                Ice            ##..         4%          1    #......
b - Ozocubu's Armour      Chrm/Ice       #.......     30%         3    ###....


Dungeon Overview and Level Annotations

Branches:
Dungeon (3/15)

Altars:
Elyvilon
Kikubaaqudgha
Sif Muna
Xom


Message History

You are healed.
You feel somewhat more hungry.
Casting: Freeze
Confirm with . or Enter, or press ? or * to list all spells.
Okay, then.
Casting: Freeze
Confirm with . or Enter, or press ? or * to list all spells.
A film of ice covers your body!
The orc priest invokes the aid of Beogh against you.
Beogh smites you! Elyvilon protects you from harm!
Casting: Ozocubu's Armour
Confirm with . or Enter, or press ? or * to list all spells.
Your icy armour thickens.
You are too injured to fight recklessly!
The orc priest closely misses you.
You see here a fizzy cyan potion.
You closely miss the orc priest.
The orc priest calls down the wrath of Beogh upon you.
Beogh smites you!
You die...

###### #....# ##'##.###
###≈≈≈#.... #.'≈≈≈'.###
#.#≈≈≈### #
##############.##'######
.....oo@†.†..(..........
........................
...###################.#
. #.# ##.# #... #...
#..% #...


You could see 2 orc priests.

Vanquished Creatures
  3 adders
  2 oozes
  3 worms (D:2)
  2 dart slugs (D:2)
  2 leopard geckos
  2 orcs (D:3)
  4 bats
  2 giant cockroaches
  6 goblins
  5 hobgoblins
  2 jackals (D:2)
  16 kobolds
  A quokka (D:2)
  2 ball pythons
  5 frilled lizards
  5 rats
62 creatures vanquished.

Notes
Turn   | Place    | Note
-------+----------+-------------------------------------------
     0 | D:1      | esteth the Merfolk Ice Elementalist began the quest for the Orb.
     0 | D:1      | Reached XP level 1. HP: 13/13 MP: 3/3
    48 | D:1      | Reached XP level 2. HP: 2/19 MP: 0/5
   866 | D:1      | Reached XP level 3. HP: 24/24 MP: 4/6
  1161 | D:2      | Found a faded altar of an unknown god.
  1452 | D:2      | Became a worshipper of Elyvilon the Healer
  1452 | D:2      | Reached * piety under Elyvilon
  1708 | D:2      | Found a shimmering altar of Xom.
  1738 | D:2      | Found an ancient bone altar of Kikubaaqudgha.
  1785 | D:2      | Reached XP level 4. HP: 18/30 MP: 8/8
  2182 | D:2      | Learned a level 3 spell: Ozocubu's Armour
  2487 | D:2      | Found a deep blue altar of Sif Muna.
  2621 | D:2      | Reached ** piety under Elyvilon
  3028 | D:3      | Reached skill level 1 in Fighting
  3122 | D:3      | Reached XP level 5. HP: 35/37 MP: 9/9
  3125 | D:3      | Elyvilon protects you from harm!
  3128 | D:3      | Killed from afar by an orc priest

Skill      XL: |  1  2  3  4 |
---------------+-------------+-----
Dodging        | 3 4 |  4.2
Ice Magic      | 4 |  4.0
Spellcasting   | 3 |  3.0
Fighting       | 1 |  1.0
Stealth        | |  2.1
Conjurations   | |  0.7
Invocations    | |  0.9

Action                   |  1- 3 |  4- 6 || total
-------------------------+-------+-------++-------
Melee: Unarmed           |    24 |       ||    24
       Hand axe          |    65 |    48 ||   113
 Cast: Freeze            |    40 |    15 ||    55
       Ozocubu's Armour  |       |     2 ||     2
Invok: Lesser Healing    |       |     1 ||     1
  Use: Scroll            |       |     2 ||     2
 Stab: Sleeping          |       |     2 ||     2
  Eat: Chunk             |     3 |     5 ||     8
Armor: Robe              |    18 |     7 ||    25
Dodge: Dodged            |    99 |    48 ||   147
